 Dungeon Crawl Stone Soup version 0.22-a0-460-g49b1da7 (webtiles) character file.

32 4thArraOfDagon the Slasher (level 3, -18/49 HPs)
             Began as a Minotaur Monk on June 9, 2018.
             Demolished by Robin
             ... wielding a +4 dagger of electrocution
              (20 damage)
             ... on level 3 of the Dungeon.
             The game lasted 00:01:14 (196 turns).

4thArraOfDagon the Slasher (Minotaur Monk)           Turns: 196, Time: 00:01:15

Health: -18/49     AC: 21    Str: 15    XL:     3   Next: 8%
Magic:  2/2        EV:  2    Int:  8    God:
Gold:   26         SH:  0    Dex: 12    Spells: 2/2 levels left

rFire    . . .     SeeInvis .   a - +0 falchion
rCold    . . .     Gourm    .   (no shield)
rNeg     + + +     Faith    .   (armour currently unavailable)
rPois    +         Spirit   .   (helmet currently unavailable)
rElec    .         Reflect  .   (cloak currently unavailable)
rCorr    .         Harm     .   (gloves currently unavailable)
MR       .....     NoTele   +   (boots currently unavailable)
Stlth    ++........             (no amulet)
HPRegen  0.16/turn              (no ring)
MPRegen  0.08/turn              (no ring)

@: tree-form (expiring)
A: (retaliatory headbutt)
a: no special abilities


You were on level 3 of the Dungeon.
You were not hungry.
You were a tree.
You visited 1 branch of the dungeon, and saw 3 of its levels.

You collected 26 gold pieces.

Inventory:

Hand Weapons
 a - a +0 falchion (weapon)
Armour
 d - a +0 ring mail (melded)
Scrolls
 b - 2 scrolls of identify
Comestibles
 c - a ration


   Skills:
 + Level 4.0 Fighting
 * Level 4.5 Long Blades
 + Level 3.6 Dodging
 - Level 1.5 Stealth


You had 2 spell levels left.
You didn't know any spells.
Your spell library was empty.

Dungeon Overview and Level Annotations

Branches:
Dungeon (3/15)

Altars:

Annotations:
D:3 Grinder, Robin


Innate Abilities, Weirdness & Mutations

((You reflexively headbutt those who attack you in melee.))
((You have a pair of horns on your head.))


Message History

A dart slug comes into view.
You hit Robin but do no damage.
The goblin no longer looks unusually strong.
The goblin hits you with a club.
* * * LOW HITPOINT WARNING * * *
The goblin hits you but does no damage. x2; Robin hits you but does no damage.
The goblin hits you but does no damage.
Unknown command.
You hit Robin but do no damage.
The goblin no longer looks unusually strong.
Grinder blinks!
The goblin hits you but does no damage. x4
Unknown command.
You hit Robin.
Robin is moderately wounded.
The goblin no longer looks unusually strong.
Grinder says, "My boss said I was rubbish.
His entrails said otherwise."
The goblin hits you but does no damage. The goblin barely misses you.
The goblin hits you but does no damage. x2; Robin hits you but does no damage.
You are electrocuted!
You die...

.##...#...
..........
#..5......
#w........
#.........
#.......!.
#gg.......
#ggg......
#♣gg##....
#gg## ...
#..# #
.... ##...
.....
.....
......


You could see Grinder, Robin, a dart slug, a hobgoblin and 7 goblins.

Vanquished Creatures
  An adder (D:2)
  An ooze (D:1)
  2 giant cockroaches (D:1)
  4 goblins (D:3)
  2 hobgoblins
  3 kobolds (D:1)
  2 bats (D:1)
  A frilled lizard (D:2)
  3 rats
19 creatures vanquished.

Notes
Turn   | Place    | Note
-------+----------+-------------------------------------------
     0 | D:1      | 4thArraOfDagon the Minotaur Monk began the quest for the Orb.
     0 | D:1      | Reached XP level 1. HP: 19/19 MP: 0/0
    90 | D:1      | Reached XP level 2. HP: 11/27 MP: 1/1
   174 | D:3      | Noticed Grinder
   178 | D:3      | Noticed Robin
   186 | D:3      | Reached XP level 3. HP: 7/33 MP: 2/2
   194 | D:3      | HP: 2/49 [goblin/club[Robin] (2)]
   196 | D:3      | Demolished by Robin

Vault maps used:
D:1:      lightli_arrival_farm, minmay_misc_feat_plants
D:3:      cheibrodos_old_hovel, uniq_sigmund, uniq_grinder, uniq_robin,
          uniq_ijyb

Skill      XL: |  1  2 |
---------------+-------+-----
Long Blades    | 4 |  4.5
Fighting       | 4 |  4.0
Dodging        | |  3.6
Stealth        | |  1.5

Action                   || total
-------------------------++-------
Melee: Falchion          ||    41
       Headbutt          ||     6
  Use: Scroll            ||     2
       Potion            ||     1
Armor: Ring mail         ||    11
       Robe              ||     1
       Skin              ||    45
Dodge: Dodged            ||    34
       Rpst.: Falchion   ||    14

Table legend:
 A = Spawn XP
 B = Non-spawn XP
 C = Spawn XP percentage of total XP
 D = Spawn monster count
 E = Non-spawn monster count
 F = Spawn count percentage of total count
 G = Total turns spent on level
                    A         B        C        D         E        F      G
               +---------+---------+-------+---------+---------+-------+---------
         Total |       0 |      46 |   0.0 |       0 |      19 |   0.0 |   196
               +---------+---------+-------+---------+---------+-------+---------
           D:1 |       0 |      21 |   0.0 |       0 |      11 |   0.0 |   130
           D:2 |       0 |      16 |   0.0 |       0 |       3 |   0.0 |    44
           D:3 |       0 |       9 |   0.0 |       0 |       5 |   0.0 |    22
               +---------+---------+-------+---------+---------+-------+---------
